 Dungeon Crawl Stone Soup version 0.30-a0-414-gcb316572d5 (webtiles) character file.

Game seed: 4280034520960722077

13 greasedhog the Vexing (level 2, 0/17 HPs)
             Began as a Gargoyle Hexslinger on Dec 7, 2022.
             Slain by a jackal (3 damage)
             ... on level 1 of the Dungeon.
             The game lasted 00:00:51 (119 turns).

greasedhog the Vexing (Gargoyle Hexslinger)          Turns: 119, Time: 00:00:52

Health: 0/17       AC:  4    Str: 13    XL:     2   Next: 37%
Magic:  2/3        EV: 11    Int: 13    God:
Gold:   21         SH:  0    Dex: 10    Spells: 2/3 levels left

rFire   . . .      SeeInvis .    a - +1 sling
rCold   . . .      Faith    .    (no shield)
rNeg    + . .      Spirit   .    c - +0 robe
rPois   ∞          Reflect  .    (no helmet)
rElec   +          Harm     .    (no cloak)
rCorr   .          Rampage  .    (no gloves)
Will    .....                    (no boots)
Stlth   +.........               (no amulet)
HPRegen 0.22/turn                (no ring)
MPRegen 0.08/turn                (no ring)

@: no status effects
A: sickness immunity, AC +2, negative energy resistance 1, electricity
resistance, torment resistance 1, petrification resistance
a: no special abilities


You were on level 1 of the Dungeon.
You visited 1 branch of the dungeon, and saw 1 of its levels.

You collected 21 gold pieces.

Inventory:

Hand Weapons
 a - a +1 sling (weapon)
Armour
 c - a +0 robe (worn)
Scrolls
 b - a scroll of poison
 d - a scroll of acquirement {unknown}
Potions
 e - a potion of heal wounds {unknown}


   Skills:
 * Level 2.0 Fighting
 * Level 2.5 Ranged Weapons
 - Level 1.5 Dodging
 - Level 1.0 Spellcasting
 - Level 2.6 Hexes


You had 2 spell levels left.
You knew the following spells:

 Your Spells              Type           Power      Damage    Failure   Level
a - Slow                  Hex            28%        N/A       10%         1

Your spell library contained the following spells:

 Spells                   Type           Power      Damage    Failure   Level
 Ensorcelled Hibernation  Hex/Ice        8%         N/A       24%         2
 Inner Flame              Hex/Fire       4%         N/A       43%         3
 Portal Projectile        Hex/Tloc       8%         N/A       43%         3
 Spider Form              Tmut/Pois      0%         N/A       63%         3
 Cause Fear               Hex            3%         N/A       67%         4
 Anguish                  Hex/Necr       2%         N/A       85%         4


Dungeon Overview and Level Annotations

Branches:
Dungeon (1/15)

Altars:


Innate Abilities, Weirdness & Mutations

You are immune to sickness and miasma.
Your stone body is resilient. (AC +2)
You are immune to poison.
You resist negative energy. (rN+)
You are resistant to electric shocks. (rElec)
You are resistant to unholy torment.
You are immune to petrification.


Message History

Press: ? - help, Q - select action, (/) - cycle Shift-Dir - straight line, f/p - jackal
Aim: a jackal (chance to affect: 58%)
The jackal seems to slow down.
The jackal barely misses you.
Unknown command.
Sorry, you're not good enough to have a special ability.
You are too injured to fight recklessly!
Fire: a) +1 sling
Press: ? - help, Shift-Dir - straight line, f/p - jackal
Aim: a jackal (slow, 45% to hit)
You shoot a sling bullet.
The sling bullet barely misses the jackal.
The sling bullet barely misses the jackal.
The jackal bites you.
* * * LOW HITPOINT WARNING * * *
Fire: a) +1 sling
Press: ? - help, Shift-Dir - straight line, f/p - jackal
Aim: a jackal (slow, 45% to hit)
You shoot a sling bullet. The sling bullet misses the jackal.
The sling bullet barely misses the jackal.
The jackal bites you but does no damage. x2
Unknown command.
Fire: a) +1 sling
Press: ? - help, Shift-Dir - straight line, f/p - jackal
Aim: a jackal (slow, 45% to hit)
You shoot a sling bullet. The sling bullet hits the jackal.
You kill the jackal!
The jackal bites you.
* * * LOW HITPOINT WARNING * * *
Your Fighting skill increases to level 2!
Fire: a) +1 sling
Press: ? - help, Shift-Dir - straight line, f - jackal
Aim: a jackal (47% to hit)
You shoot a sling bullet.
The sling bullet barely misses the jackal.
The sling bullet hits the kobold.
You kill the kobold!
The jackal bites you but does no damage.
The jackal bites you.
You die...

#..................)
####.†###..>......##
#..##............
#..##.†...†......
##....#.###...#..#
........# ##.#
#####..)# .# #.#h#
#.#@# #.#........ #
#.##.#.## ... .. ##.
## .# .# .#


You could see a jackal.

Vanquished Creatures
  A dart slug (D:1)
  An endoplasm (D:1)
  3 hobgoblins (D:1)
  2 jackals (D:1)
  A bat (D:1)
  2 kobolds (D:1)
  A rat (D:1)
11 creatures vanquished.

Notes
Turn   | Place    | Note
-------+----------+-------------------------------------------
     0 | D:1      | greasedhog the Gargoyle Hexslinger began the quest for the
                  | Orb.
     0 | D:1      | Reached XP level 1. HP: 12/12 MP: 2/2
    59 | D:1      | Reached XP level 2. HP: 14/17 MP: 3/3
   119 | D:1      | Slain by a jackal

Illustrated notes

Levels and vault maps discovered:
D:1:      kennysheep_arrival_forest, layout_loops_ring,
          hellmonk_ecumenical_altar_watching_god

Skill      XL: |  1  2 |
---------------+-------+-----
Fighting       | 2 |  2.0
Ranged Weapons | |  2.5
Dodging        | |  1.5
Spellcasting   | |  1.0
Hexes          | |  2.6

Action                   || total
-------------------------++-------
 Fire: Sling             ||    38
 Cast: Slow              ||     1
Armor: Robe              ||    15
Dodge: Dodged            ||    19

Table legend: (Time is in decaauts)
 A = Elapsed time spent in this place.
 B = Non-inter-level travel time spent in this place.
 C = Inter-level travel time spent in this place.
 D = Time resting spent in this place.
 E = Time spent auto-exploring this place.
 F = Levels seen in this place.
 G = Mean time per level.
                   A        B        C        D        E       F      G
               +--------+--------+--------+--------+--------+-----+--------+
         Total |    130 |    130 |      0 |      0 |     63 |   1 |  130.0 |
       Dungeon |    130 |    130 |      0 |      0 |     63 |   1 |  130.0 |
               +--------+--------+--------+--------+--------+-----+--------+

Top non-repeatable levels by time:
     D:1: 130 daAuts
